 Dungeon Crawl Stone Soup version 0.30-a0-1075-gcd70e7a56d (webtiles) character file.

Game seed: 6876337301577964688

130811 freelancePsychic the Markself (level 16, -1/102 (103) HPs)
             Began as a Deep Elf Hunter on Apr 14, 2023.
             Was a High Priest of Zin.
             Killed from afar by a will-o-the-wisp (7 damage)
             ... with a foxfire
             ... on level 1 of the Swamp.
             The game lasted 00:50:54 (24208 turns).

freelancePsychic the Markself (Deep Elf Hunter)    Turns: 24208, Time: 00:50:55

HP:   -1/102 (103)  AC: 19    Str:  8    XL:     16   Next: 53%
MP:   23/28         EV: 24    Int: 12    God:    Zin [*****.]
Gold: 1837          SH:  0    Dex: 24    Spells: 26/29 levels left

rFire   + . .      SeeInvis +    a - +9 longbow (freeze)
rCold   + . .      Faith    .    (shield currently unavailable)
rNeg    . . .      Spirit   .    P - +4 troll leather armour
rPois   .          Reflect  .    f - +0 helmet
rElec   .          Rampage  .    S - +0 cloak
rCorr   .                        H - +0 pair of gloves
Will    +....                    y - +1 pair of boots "Sejem" {rF+ rC+ Int-5 SInv}
Stlth   +++++                    (no amulet)
HPRegen 1.17/turn                e - +4 ring of protection
MPRegen 0.21/turn                h - +4 ring of slaying

@: lightly drained
A: no striking features
a: Renounce Religion, Recite, Vitalisation, Imprison, Sanctuary, Donate Gold


You were on level 1 of the Swamp.
You worshipped Zin.
Zin was extremely pleased with you.
You visited 6 branches of the dungeon, and saw 27 of its levels.
You also visited: Ice Cave.

You collected 2670 gold pieces.
You spent 636 gold pieces at shops.
You donated 197 gold pieces to Zin.

Inventory:

Hand Weapons
 a - a +9 longbow of freezing (weapon)
 b - a +2 arbalest of flaming
Armour
 f - a +0 helmet (worn)
 y - the +1 pair of boots "Sejem" (worn) {rF+ rC+ Int-5 SInv}
   (You found it on level 5 of the Dungeon)

   Int:       It affects your intelligence (-5).
   rF:        It protects you from fire.
   rC:        It protects you from cold.
   SInv:      It lets you see invisible.
 H - a +0 pair of gloves (worn)
 L - a +0 kite shield of cold resistance
 P - a +4 troll leather armour (worn)
 S - a +0 cloak (worn)
 Z - the +3 leather armour of the Apprentice {rElec rF- Regen+}
   (You bought it in a shop on level 2 of the Orcish Mines)

   rF:        It makes you vulnerable to fire.
   rElec:     It insulates you from electricity.
   Regen:     It increases your rate of health regeneration.
Jewellery
 c - the ring of Faxkori {rF+ Int+6 Dex+3}
   (You found it on level 15 of the Dungeon)

   [ring of intelligence]

   Int:       It affects your intelligence (+6).
   Dex:       It affects your dexterity (+3).
   rF:        It protects you from fire.
 e - a +4 ring of protection (left hand)
 h - a +4 ring of slaying (right hand)
 q - a ring of poison resistance
 w - an amulet of magic regeneration
 z - an amulet of faith
 J - the ring "Poaruata" {Wiz rN+ Str+2}
   (You took it off an orc priest on level 9 of the Dungeon)

   [ring of wizardry]

   It improves your spell success rate.
   Str:       It affects your strength (+2).
   rN:        It protects you from negative energy.
 X - a ring of ice
Wands
 v - a wand of quicksilver (9)
 x - a wand of polymorph (21)
 B - a wand of charming (7)
 I - a wand of digging (5)
 N - a wand of flame (20)
 Q - a wand of iceblast (11)
Scrolls
 g - 3 scrolls of blinking
 k - 6 scrolls of immolation
 m - 2 scrolls of silence
 p - 5 scrolls of amnesia
 u - 3 scrolls of fear
 A - a scroll of fog
 C - 12 scrolls of teleportation {@r4}
 D - 4 scrolls of vulnerability
 E - 2 scrolls of enchant armour
 G - 2 scrolls of poison
 M - a scroll of butterflies
 T - 4 scrolls of brand weapon
 W - 2 scrolls of magic mapping
 Y - a scroll of enchant weapon
Potions
 d - a potion of resistance
 i - 2 potions of cancellation
 j - 6 potions of brilliance
 l - 4 potions of ambrosia
 n - 6 potions of attraction
 o - 4 potions of flight
 r - 10 potions of might {unknown}
 s - 5 potions of curing {@q1}
 t - 6 potions of degeneration {unknown}
 F - 3 potions of haste {unknown}
 K - 2 potions of mutation
 O - 3 potions of heal wounds {@q2}
 R - a potion of invisibility
 U - a potion of magic {unknown}
 V - 2 potions of berserk rage


   Skills:
 + Level 12.4 Fighting
 - Level 18.0 Ranged Weapons
 - Level 6.4 Armour
 * Level 15.4 Dodging
 - Level 10.3 Stealth
 - Level 7.0 Spellcasting
 - Level 10.2 Hexes
 - Level 6.5 Translocations
 * Level 13.4 Invocations


You had 26 spell levels left.
You knew the following spells:

 Your Spells              Type           Power      Damage    Failure   Level
a - Portal Projectile     Hex/Tloc       48%        N/A       2%          3

Your spell library contained the following spells:

 Spells                   Type           Power      Damage    Failure   Level
 Tukima's Dance           Hex            28%        N/A       1%          3
 Gell's Gravitas          Tloc           19%        N/A       4%          3
 Teleport Other           Tloc           19%        N/A       4%          3
 Passage of Golubria      Tloc           19%        N/A       16%         4
 Vhi's Electric Charge    Tloc/Air       24%        N/A       17%         3
 Sandblast                Erth           8%         2d5       22%         1
 Shock                    Conj/Air       16%        1d4       22%         1
 Sting                    Tmut/Pois      16%        1d3       22%         1
 Leda's Liquefaction      Hex/Erth       8%         N/A       26%         4
 Cigotuvi's Dreadful Rot  Necr/Pois/Air  8%         N/A       32%         2
 Passwall                 Tmut/Erth      3%         N/A       32%         2
 Poisonous Vapours        Pois/Air       8%         N/A       32%         2
 Call Canine Familiar     Summ           4%         N/A       54%         3
 Hailstorm                Conj/Ice       4%         3d4       54%         3
 Ignite Poison            Fire/Tmut/Pois 4%         N/A       54%         3
 Stone Arrow              Conj/Erth      8%         3d7       54%         3
 Swiftness                Air            4%         N/A       54%         3
 Yara's Violent Unravell  Hex/Tmut       8%         3d5       58%         5
 Airstrike                Air            2%         2d(1-17)  91%         4
 Dispel Undead            Necr           4%         3d7       91%         4
 Ice Form                 Ice/Tmut       4%         N/A       91%         4
 Olgreb's Toxic Radiance  Pois           4%         N/A       91%         4
 Dispersal                Tloc           9%         N/A       93%         6
 Arcjolt                  Conj/Air       2%         1d12      99%         5
 Freezing Cloud           Conj/Ice/Air   2%         6-21      99%         5
 Plasma Beam              Fire/Air       2%         2x1d13    100%        6
 Simulacrum               Ice/Necr       2%         N/A       100%        6
 Ozocubu's Refrigeration  Ice            2%         4d7       100%        7
 Necromutation            Tmut/Necr      2%         N/A       100%        8
 Polar Vortex             Ice            2%         N/A       100%        9


Dungeon Overview and Level Annotations

Branches:
Dungeon (15/15)            Temple (1/1) D:7            Lair (5/5) D:11
  Swamp (2/4) Lair:2        Snake (2/4) Lair:3        Slime (0/5) Lair:5
    Orc (2/2) D:11            Elf (0/3) Orc:2        Vaults (0/5) D:13
 Depths (0/4) D:15          IceCv (visited)

Altars:
Ashenzari
Cheibriados
Dithmenos
Elyvilon
Fedhas
Gozag
Hepliaklqana
Kikubaaqudgha
Makhleb
Nemelex Xobeh
Okawaru
Qazlal
Ru
Sif Muna
Trog
Uskayaw
Vehumet
Wu Jian
Xom
Yredelemnul
Zin
The Shining One
Jiyva

Shops:
D:5 (   Orc:2 !([(

Annotations:
D:10 exclusion: gargoyle, Erolcha
D:11 Harold
D:14 3 runed translucent doors, Cofimnas's ghost, journeyman FoFi; Roxanne
Lair:3 Rupert
Snake:1 3 runed translucent doors, exclusion: downstairs, Newt's ghost, adept KoHu


Message History

The vampire mosquito buzzes angrily.
You hear an angry buzzing noise.
The swamp worm completely misses you.
Found a potion of curing.
There is a stone staircase leading down here.
Activating: Sanctuary (4% risk of failure)
Press: ? - help, Dir - look around, f - activate You hear a choir sing!
The monsters scatter in all directions!
Zin will no longer cleanse your potions of mutation.
You enter the shallow water.
Moving in this stuff is going to be slow.
Your divine stamina fades away.
The will-o-the-wisp blinks!
You enter the shallow water.
Moving in this stuff is going to be slow.
The bunyip gives a hideous shriek!
The swamp worm completely misses you. The swamp worm bites you!
* * * LOW HITPOINT WARNING * * *
The swamp worm attacks as you move away!
The swamp worm misses you.
The will-o-the-wisp gestures.
The will-o-the-wisp conjures some foxfire! 2 foxfires come into view.
The swamp worm fires a harpoon shot at you.
The harpoon shot misses you.
The will-o-the-wisp gestures.
The will-o-the-wisp conjures some foxfire! 2 foxfires come into view.
There is a staircase back to the Lair, spattered with blood here.
The foxfire hits you! You resist.
* * * LOW HITPOINT WARNING * * *
The foxfire hits you! You resist.
* * * LOW HITPOINT WARNING * * *
The swamp worm fires a harpoon shot at you.
The harpoon shot hits you.
* * * LOW HITPOINT WARNING * * *
You stop ascending the stairs.
You are yanked forward by the harpoon shot.
The foxfire hits you! You resist.
You die...

~~.~~~ ♣♣..~~♣.~~♣ ~~.§
.....~♣ ♣♣...§x.$♣ ~
.~♣.~~~♣♣♣♣♣♣.~.♣♣...~.♣
~ ..§~.~§.~♣.♣♣.~~♣♣
..~~♣
~~.~~....§§~~~~.....♣
.§..
~~.♣~~.♣~§v§§.♣.~..♣♣
.~. ..~~~..~~.§§§v.~~.♣
~. ~~~~..♣♣.~~x~§v§~.♣ .
~~~....~.~§.§§w@<.♣
~♣~..~~~~~♣.~♣♣♣!.♣
~~i~~~!~.~.~♣♣ ♣..[♣
..y.~~~>~~.♣♣ ♣..♣♣
♣♣♣♣♣..~~~.♣ ♣♣.♣
♣.~~~.♣♣ .♣ ♣.~~♣.♣ .♣
♣♣§.~§♣ §♣ ♣X~~♣♣


You could see a bunyip, a will-o-the-wisp and a swamp worm.

Vanquished Creatures
  Frances (D:12)
  A frost giant (IceCv)
  An orc warlord (Orc:2)
  A stone giant (D:15)
  Azrael (D:13)
  A dire elephant (Lair:5)
  A bunyip (Swamp:1)
  Josephine (D:12)
  8 vault guards
  Fannar (D:12)
  6 hydras
  2 boulder beetles
  3 catoblepae (Lair:5)
  The ghost of DeathPants the Fighter, a novice NaVM of Kikubaaqudgha (D:8)
  11 two-headed ogres
  Erica (D:8)
  4 centaur warriors
  An ogre mage (D:13)
  2 anacondas (Snake:1)
  26 death yaks
  4 naga sharpshooters (Snake:1)
  2 orc high priests (Orc:2)
  4 tengu warriors
  2 skysharks (Lair:5)
  2 spriggans
  4 skeletal warriors (D:13)
  A goliath frog (Swamp:1)
  3 bog bodies (Lair:2)
  A wizard (D:15)
  Pikel (D:7)
  A mana viper (Snake:1)
  2 lindwurms (Lair:5)
  6 orc sorcerers
  3 oklob plants
  An orc knight (Orc:1)
  5 ugly things
  3 manticores
  8 cyclopes
  A salamander (Snake:1)
  11 black mambas
  19 elephants
  An ice statue (IceCv)
  A gargoyle (D:11)
  2 naga magi (Snake:1)
  A torpor snail (Lair:5)
  25 cane toads
  2 unseen horrors
  2 kobold demonologists (D:11)
  2 rime drakes
  2 ice devils (Lair:5)
  An efreet (D:15)
  9 komodo dragons
  A tengu conjurer (D:13)
  4 trolls
  Grinder (D:3)
  2 hornets
  9 polar bears
  7 blink frogs
  22 dream sheep
  13 slime creatures
  A vampire (D:12)
  3 wraiths (D:12)
  3 water elementals (D:15)
  4 wyverns
  59 yaks
  4 basilisks
  2 fire elementals (D:13)
  11 vampire mosquitoes
  3 swamp worms (Lair:2)
  8 nagas
  3 wargs
  5 hell hounds (D:13)
  16 water moccasins
  An acid dragon (D:9)
  A swamp drake (Lair:2)
  A black bear (Lair:3)
  39 orc warriors
  3 sky beasts
  6 ogres
  25 wolves
  5 centaurs
  A phantom (D:5)
  A lemure (D:7)
  6 kobold brigands
  Blork the orc (D:6)
  13 bullfrogs
  2 gnoll sergeants
  2 scorpions
  3 wights (D:8)
  14 killer bees
  2 electric eels (Lair:2)
  3 howler monkeys
  A crimson imp (D:5)
  3 jellies (Lair:5)
  23 orc priests
  2 gnoll boudas
  A sleepcap (D:4)
  5 iguanas
  29 orc wizards
  5 hell rats
  A statue (D:3)
  Robin (D:4)
  23 gnolls
  6 adders
  A shadow imp (D:6)
  2 white imps
  A dart slug (D:1)
  110 orcs
  7 endoplasms
  7 giant cockroaches
  10 goblins
  8 hobgoblins
  7 jackals
  5 quokkas
  8 ball pythons
  17 bats
  3 frilled lizards (D:1)
  34 kobolds
  4 rats
840 creatures vanquished.

Vanquished Creatures (others)
  An orc sorcerer (Orc:2)
  A spriggan (Swamp:1)
  2 bushes (Lair:5)
  8 foxfires
  26 fungi
  A pillar of salt (D:12)
  97 plants
136 creatures vanquished.

Grand Total: 976 creatures vanquished

Notes
Turn   | Place    | Note
-------+----------+-------------------------------------------
     0 | D:1      | freelancePsychic the Deep Elf Hunter began the quest for
                  | the Orb.
     0 | D:1      | Reached XP level 1. HP: 12/12 MP: 3/3
   127 | D:1      | Reached XP level 2. HP: 17/17 MP: 4/4
   508 | D:1      | Reached XP level 3. HP: 21/21 MP: 5/5
   661 | D:1      | Reached XP level 4. HP: 22/26 MP: 6/6
   912 | D:2      | Reached skill level 6 in Ranged Weapons
  1542 | D:3      | Noticed Grinder
  1545 | D:3      | Killed Grinder
  1546 | D:3      | Reached XP level 5. HP: 32/32 MP: 7/7
  1546 | D:3      | Reached XP level 6. HP: 37/37 MP: 8/8
  1696 | D:3      | Found a radiant altar of Vehumet.
  2012 | D:4      | Reached skill level 7 in Ranged Weapons
  2126 | D:4      | Found a shimmering blue altar of Sif Muna.
  2135 | D:4      | Noticed Robin
  2153 | D:4      | Killed Robin
  2431 | D:4      | Reached XP level 7. HP: 41/41 MP: 9/9
  2534 | D:4      | Noticed a water elemental
  2539 | D:4      | Noticed a fire elemental
  2541 | D:4      | Found a stormy altar of Qazlal.
  2543 | D:4      | Noticed an air elemental
  2823 | D:5      | Entered Level 5 of the Dungeon
  2861 | D:5      | Found a basalt altar of Yredelemnul.
  2931 | D:5      | Found a blossoming altar of Fedhas.
  2933 | D:5      | Found an ancient bone altar of Kikubaaqudgha.
  3005 | D:5      | Reached skill level 8 in Ranged Weapons
  3130 | D:5      | Identified the +1 pair of boots "Sejem" {rF+ rC+ Int-5
                  | SInv}
  3139 | D:5      | Identified the +7 short sword of Greatest Utility {venom,
                  | *Noise rElec Int+2}
  3312 | D:5      | Found a shimmering altar of Xom.
  3319 | D:5      | Reached XP level 8. HP: 47/48 MP: 10/10
  3323 | D:5      | Found a burning altar of Makhleb.
  3370 | D:5      | Found Jagev's Antique Weapon Shop.
  3639 | D:6      | Noticed Blork the orc
  3643 | D:6      | Killed Blork the orc
  3873 | D:6      | Reached skill level 9 in Ranged Weapons
  4069 | D:6      | Found a glowing silver altar of Zin.
  4073 | D:6      | Became a worshipper of Zin the Law-Giver
  4073 | D:6      | Reached * piety under Zin
  4093 | D:7      | Reached ** piety under Zin
  4105 | D:7      | Found a staircase to the Ecumenical Temple.
  4113 | Temple   | Entered the Ecumenical Temple
  4245 | D:7      | Found a broken altar of Ashenzari.
  4500 | D:7      | Reached skill level 5 in Fighting
  4500 | D:7      | Reached skill level 5 in Dodging
  4667 | D:7      | You fall into a shaft and drop 2 floors!
  4723 | D:9      | Reached skill level 1 in Invocations
  4961 | D:9      | Reached XP level 9. HP: 46/54 MP: 12/12
  5073 | D:9      | Noticed a two-headed ogre
  5169 | D:9      | Identified the ring "Poaruata" {Wiz rN+ Str+2}
  5833 | D:9      | Reached skill level 10 in Ranged Weapons
  5880 | D:9      | Noticed a troll
  6401 | D:8      | Reached skill level 5 in Invocations
  6575 | D:8      | Found a runed translucent door.
  6576 | D:8      | Noticed DeathPants's ghost (novice NaVM)
  6580 | D:8      | Noticed a centaur warrior
  6593 | D:8      | Found a sacrificial altar of Ru.
  6593 | D:8      | Found a glowing golden altar of the Shining One.
  6625 | D:8      | Noticed Erica
  6638 | D:8      | Killed Erica
  6755 | D:8      | Reached XP level 10. HP: 60/60 MP: 16/16
  7099 | D:8      | Reached *** piety under Zin
  7419 | D:7      | Reached skill level 11 in Ranged Weapons
  7546 | D:7      | Noticed Pikel
  7560 | D:7      | Killed Pikel
  7899 | D:7      | Found a bloodstained altar of Trog.
  8219 | D:10     | Entered Level 10 of the Dungeon
  8220 | D:10     | Noticed Erolcha
  8226 | D:10     | Found an opulent altar of Gozag.
  8759 | D:10     | Found a snail-covered altar of Cheibriados.
  8779 | D:10     | Noticed a gargoyle
  9661 | D:11     | Noticed a deep elf archer
  9680 | D:11     | Noticed Harold
  9780 | D:11     | Noticed a gargoyle
 10142 | D:9      | Killed a two-headed ogre
 10256 | D:11     | Killed a gargoyle
 10257 | D:11     | Reached skill level 12 in Ranged Weapons
 10275 | D:11     | Noticed a death yak
 10276 | D:11     | Noticed a death yak
 10293 | D:11     | Noticed a death yak
 10302 | D:11     | HP: 1/63 [death yak (17)]
 10552 | D:11     | Reached **** piety under Zin
 10606 | D:11     | Noticed a two-headed ogre
 10616 | D:11     | Killed a two-headed ogre
 10617 | D:11     | Reached XP level 11. HP: 67/67 MP: 19/19
 11048 | D:11     | Found a staircase to the Orcish Mines.
 11083 | D:11     | Found a staircase to the Lair.
 11108 | Orc:1    | Entered Level 1 of the Orcish Mines
 11262 | Orc:2    | Entered Level 2 of the Orcish Mines
 11282 | Orc:2    | Reached ***** piety under Zin
 11570 | Orc:2    | Noticed an orc sorcerer
 11576 | Orc:2    | Noticed a sixfirhy
 11579 | Orc:2    | Killed an orc sorcerer
 11675 | Orc:2    | Noticed an orc sorcerer
 11835 | Orc:2    | Noticed an orc sorcerer
 11894 | Orc:2    | Reached skill level 13 in Ranged Weapons
 11903 | Orc:2    | Killed an orc sorcerer
 11928 | Orc:2    | Noticed an orc high priest
 11934 | Orc:2    | Killed an orc high priest
 11934 | Orc:2    | Paralysed by an orc sorcerer for 4 turns
 11935 | Orc:2    | Reached skill level 10 in Dodging
 11939 | Orc:2    | Killed an orc sorcerer
 12002 | Orc:2    | Found Sigusulo's Antique Weapon Shop.
 12083 | D:11     | Killed a death yak
 12236 | D:8      | Killed DeathPants's ghost
 12237 | D:8      | Reached skill level 14 in Ranged Weapons
 12237 | D:8      | Killed a centaur warrior
 12371 | D:11     | Killed a death yak
 12380 | D:11     | Killed a death yak
 12381 | D:11     | Reached XP level 12. HP: 75/75 MP: 20/20
 12743 | Lair:1   | Entered Level 1 of the Lair of Beasts
 12836 | Lair:1   | You fall into a shaft and drop 1 floor!
 12849 | Lair:2   | Reached skill level 15 in Ranged Weapons
 13023 | Lair:2   | Noticed a six-headed hydra
 13292 | Lair:1   | Reached skill level 16 in Ranged Weapons
 13351 | Lair:1   | Reached skill level 17 in Ranged Weapons
 13517 | Lair:1   | Reached skill level 18 in Ranged Weapons
 13800 | Lair:2   | Reached skill level 1 in Hexes
 13811 | Lair:2   | Killed a six-headed hydra
 13812 | Lair:2   | Reached skill level 1 in Translocations
 13940 | Lair:2   | Reached skill level 1 in Armour
 14082 | Lair:2   | Reached XP level 13. HP: 60/80 MP: 21/21
 14216 | Lair:2   | Found a staircase to the Swamp.
 14801 | Lair:3   | Learned a level 3 spell: Portal Projectile
 14916 | Lair:3   | Noticed Rupert
 15059 | Lair:3   | Reached skill level 5 in Hexes
 15059 | Lair:3   | Found a staircase to the Snake Pit.
 15453 | Lair:4   | Reached ****** piety under Zin
 15599 | Lair:4   | Reached skill level 5 in Translocations
 15714 | Lair:4   | Reached skill level 10 in Fighting
 16133 | Lair:4   | Reached XP level 14. HP: 88/88 MP: 22/22
 16245 | Lair:4   | Reached skill level 1 in Spellcasting
 16457 | Lair:5   | Entered Level 5 of the Lair of Beasts
 16463 | Lair:5   | Reached skill level 5 in Armour
 16621 | Lair:5   | Identified the +0 robe "Qeky" {Str+3}
 16955 | Lair:5   | Reached skill level 5 in Spellcasting
 17090 | Lair:5   | Found a viscous altar of Jiyva.
 17090 | Lair:5   | Found a staircase to the Slime Pits.
 17128 | Lair:5   | Reached skill level 10 in Stealth
 17160 | Lair:5   | Reached skill level 10 in Hexes
 17185 | Lair:5   | Found a frozen archway.
 17213 | IceCv    | Entered an ice cave
 17343 | IceCv    | Reached XP level 15. HP: 94/94 MP: 26/26
 17701 | IceCv    | Noticed a frost giant
 17711 | IceCv    | Killed a frost giant
 17774 | IceCv    | Identified the +9 great mace of Dishonesty {holy, Will+
                  | rCorr Dex-3}
 18841 | D:12     | Noticed Josephine
 18852 | D:12     | Reached skill level 10 in Invocations
 18863 | D:12     | Killed Josephine
 18871 | D:12     | Noticed Frances
 18884 | D:12     | Killed Frances
 18888 | D:12     | Noticed Fannar
 18896 | D:12     | Killed Fannar
 19460 | Orc:2    | Found a staircase to the Elven Halls.
 19949 | Orc:2    | Found Bohiklom's Antique Weapon Boutique.
 19951 | Orc:2    | Found Murph's Antique Armour Shop.
 19964 | Orc:2    | Bought an ancient leather armour for 168 gold pieces
 19964 | Orc:2    | Identified the +3 leather armour of the Apprentice {rElec
                  | rF- Regen+} (You bought it in a shop on level 2 of the
                  | Orcish Mines)
 20032 | Orc:2    | Found Nuistyta's Distillery.
 20037 | Orc:2    | Bought a potion of heal wounds for 65 gold pieces
 20037 | Orc:2    | Bought a potion of heal wounds for 65 gold pieces
 20037 | Orc:2    | Bought 2 potions of heal wounds for 130 gold pieces
 20037 | Orc:2    | Bought a potion of heal wounds for 65 gold pieces
 20037 | Orc:2    | Bought a potion of curing for 39 gold pieces
 20037 | Orc:2    | Bought a potion of mutation for 104 gold pieces
 20309 | Orc:1    | You fall into a shaft and drop 1 floor!
 20422 | Orc:1    | Got Mivuzer's Writings on Loathsome Amathomancy
 21191 | D:14     | Found a runed translucent gate.
 21191 | D:14     | Found a runed translucent gate.
 21191 | D:14     | Found a runed translucent gate.
 21194 | D:14     | Noticed Cofimnas's ghost (journeyman FoFi)
 21194 | D:14     | Noticed an azure jelly
 21196 | D:14     | Noticed an acid blob
 21199 | D:14     | Found a viscous altar of Jiyva.
 21230 | D:14     | Identified Roxanne's Catalogue of Autotheism
 21230 | D:14     | Noticed Roxanne
 21799 | D:15     | Entered Level 15 of the Dungeon
 21835 | D:15     | Found a staircase to the Depths.
 21901 | D:15     | Identified the ring of Faxkori {rF+ Int+6 Dex+3}
 22067 | D:15     | Reached XP level 16. HP: 101/101 MP: 28/28
 22788 | D:13     | Noticed Azrael
 22803 | D:13     | Killed Azrael
 23026 | D:13     | Found a gate to the Vaults.
 23353 | Snake:1  | Entered Level 1 of the Snake Pit
 23382 | Snake:1  | Noticed Newt's ghost (adept KoHu)
 23386 | Snake:1  | Found a runed translucent gate.
 23386 | Snake:1  | Found a runed translucent gate.
 23386 | Snake:1  | Found a runed translucent gate.
 23467 | Snake:1  | Reached skill level 15 in Dodging
 24027 | Swamp:1  | Entered Level 1 of the Swamp
 24046 | Swamp:1  | Noticed a tentacled monstrosity
 24133 | Swamp:1  | HP: 3/103 [constriction (7)]
 24208 | Swamp:1  | Killed from afar by a will-o-the-wisp

Illustrated notes

Levels and vault maps discovered:
D:1:      dpeg_arrival_rhombus, layout_loops_ring, minmay_crystal_room
D:2:      layout_basic, hangedman_abyss_or_decor_stabs
D:3:      layout_rooms, vehumet_statue, minivault_4, serial_bayou_pond_e,
          uniq_grinder
D:4:      nicolae_cairo_tiling, layout_basic, nicolae_qazlal_style_of_elements,
          nicolae_sif_muna_condensation, uniq_robin
D:5:      layout_basic, grunt_temple_overflow_champion_of_chaos,
          grunt_temple_overflow_growth_and_decay,
          mainiacjoe_overflow_small_starburst, serial_shops, shop,
          kennysheep_crisscross
D:6:      layout_gridville, zin_treasury, uniq_blork_the_orc
D:7:      layout_layer_cave, nicolae_overflow_crystal_walls,
          lightli_temple_of_fire, minmay_temple_entry_wispy, uniq_pikel
D:8:      layout_cave_pods, mainiacjoe_overflow_large_starburst,
          ebering_ghost_inner_flame, st_stairs_14, uniq_erica
D:9:      layout_basic
D:10:     layout_small_grid, mainiacjoe_overflow_24_doors,
          nicolae_gozag_seed_capital, uniq_erolcha
D:11:     minmay_mutant_horseshoe, layout_loops_corners, dpeg_lair_monsters,
          hiddenorc1_lemuel, uniq_harold
D:12:     layout_roguey, uniq_fannar, uniq_josephine, uniq_frances
D:13:     layout_rooms, erik_vaults_2, uniq_azrael
D:14:     layout_irregular_city, nrook_campfire, gammafunk_ghost_ooze,
          uniq_roxanne
D:15:     grunt_enter_depths_giant_problem, layout_irregular_city,
          water_boxes_lemuel
Temple:   hellmonk_temple_of_storms
Lair:1:   minmay_lair_oklob_chamber, layout_loops_ring, grunt_megastairs_1,
          infiniplex_staircase_pool
Lair:2:   layout_gridlike, nicolae_swamp_entry_splash_gauntlet, st_stairs_6,
          pond, serial_bayou_shore_a, serial_bayou_shore_b, grunt_megastairs_4
Lair:3:   layout_cave_shapes, nicolae_snake_entry_squirm, roderic_batcave,
          beast_lair_carwin_1, grunt_megastairs_5, uniq_rupert
Lair:4:   layout_gridlike, grunt_forest_stairs_basic, beast_lair_carwin_10,
          lemuel_fruit_tree
Lair:5:   hangedman_lair_in_review, layout_misc_corridors,
          nicolae_slime_entry_slimehenge, portal_ice_cave_demonic_guard,
          serial_bayou_lagoon_a, nicolae_lair_grazing_beasts
          [nicolae_sub_lair_graze_edge, nicolae_sub_lair_graze_edge,
          nicolae_sub_lair_graze_edge, nicolae_sub_lair_graze_edge]
Swamp:1:  layout_falls_marsh, evilmike_swamp_ruin_house_2,
          nicolae_swamp_spriggan_camp
Swamp:2:  layout_basic_swamp, serial_swamp_ruin, evilmike_swamp_ruin_rubble_1,
          evilmike_swamp_ruin_house_1, evilmike_swamp_ruin_house_6,
          hangedman_swamp_ravenous, infiniplex_staircase_pool_2, uniq_mlioglotl
Snake:1:  nicolae_snake_attic_fulla_snakes, layout_grid_shapes,
          gammafunk_ghost_split
Snake:2:  layout_misc_corridors, nicolae_snake_slithery_corners, uniq_vashnia,
          uniq_kirke
Orc:1:    layout_caves, mines4_lemuel
Orc:2:    grunt_orc_community_town_hall, layout_diamond_mine,
          grunt_orc_community_big_house_2, grunt_orc_community_big_house_1,
          grunt_orc_community_house_2, grunt_orc_community_house_2,
          grunt_orc_community_house_1, grunt_orc_community_house_2,
          grunt_orc_community_house_3

Skill      XL: |  1  2  3  4  5  6  7  8  9 10 11 12 13 14 15 16 |
---------------+-------------------------------------------------+-----
Stealth        | 2 3 6 7 8 10 | 10.3
Fighting       | 2 3 4 5 6 7 8 9 10 11 12 | 12.4
Ranged Weapons | 6 7 8 9 10 12 14 18 | 18.0
Dodging        | 3 5 7 8 10 11 14 15 | 15.4
Invocations    | 2 6 9 12 13 | 13.4
Hexes          | 2 7 10 | 10.2
Translocations | 1 6 |  6.5
Armour         | 1 4 6 |  6.4
Spellcasting   | 6 7 |  7.0

Action                     |  1- 3 |  4- 6 |  7- 9 | 10-12 | 13-15 | 16-18 || total
---------------------------+-------+-------+-------+-------+-------+-------++-------
  Melee: Shortbow          |       |       |     2 |       |       |       ||     2
         Arbalest          |       |       |       |     1 |       |       ||     1
         Longbow           |       |       |       |       |     2 |       ||     2
   Fire: Shortbow          |    71 |   134 |   294 |   361 |       |       ||   860
         Arbalest          |       |       |       |   142 |       |       ||   142
         Longbow           |       |       |       |   175 |  1105 |   242 ||  1522
   Cast: Portal Projectile |       |       |       |       |     3 |     1 ||     4
 Invoke: Recite            |       |       |     8 |    23 |    12 |     6 ||    49
         Vitalisation      |       |       |     2 |     6 |     3 |     1 ||    12
         Sanctuary         |       |       |       |       |       |     3 ||     3
  Evoke: Wand              |       |       |     5 |     3 |       |       ||     8
    Use: Scroll            |       |     4 |     3 |    17 |    18 |     8 ||    50
         Potion            |       |       |     1 |     3 |       |     5 ||     9
 Armour: Leather armour    |    14 |    16 |    68 |    22 |       |       ||   120
         Troll leather arm |       |       |       |    67 |    72 |    37 ||   176
  Dodge: Dodged            |    23 |    25 |   203 |   325 |   265 |   116 ||   957

Table legend: (Time is in decaauts)
 A = Elapsed time spent in this place.
 B = Non-inter-level travel time spent in this place.
 C = Inter-level travel time spent in this place.
 D = Time resting spent in this place.
 E = Time spent auto-exploring this place.
 F = Levels seen in this place.
 G = Mean time per level.
                   A        B        C        D        E       F      G
               +--------+--------+--------+--------+--------+-----+--------+
         Total |  24027 |  21885 |   2142 |    749 |  16987 |  28 |  858.1 |
       Dungeon |  15123 |  13985 |   1138 |    578 |  11311 |  15 | 1008.2 |
        Temple |     40 |     33 |      7 |      0 |     28 |   1 |   40.0 |
          Lair |   5414 |   4642 |    772 |     24 |   3498 |   5 | 1082.8 |
         Swamp |     87 |     87 |      0 |      2 |      0 |   2 |   43.5 |
     Snake Pit |    589 |    555 |     34 |      0 |    472 |   2 |  294.5 |
  Orcish Mines |   2110 |   1922 |    188 |    145 |   1201 |   2 | 1055.0 |
      Ice Cave |    660 |    660 |      0 |      0 |    476 |   1 |  660.0 |
               +--------+--------+--------+--------+--------+-----+--------+

Top non-repeatable levels by time:
    D:11: 2169 daAuts
     D:9: 1855 daAuts
   Orc:2: 1482 daAuts
    D:10: 1471 daAuts
     D:7: 1346 daAuts
  Lair:5: 1250 daAuts
     D:8: 1248 daAuts
  Lair:2: 1210 daAuts
  Lair:3: 1081 daAuts
  Lair:4: 999 daAuts
  Lair:1: 872 daAuts
     D:4: 825 daAuts
    D:12: 808 daAuts
    D:15: 784 daAuts
     D:2: 767 daAuts
